 Dungeon Crawl Stone Soup version 0.30-a0-632-g346586fe48 (webtiles) character file.

Game seed: 503775489144232640

20 kae the Insei (level 2, -1/21 HPs)
             Began as a Demonspawn Transmuter on Jan 13, 2023.
             Slain by a worm (9 damage)
             ... on level 2 of the Dungeon.
             The game lasted 00:00:51 (1002 turns).

kae the Insei (Demonspawn Transmuter)               Turns: 1002, Time: 00:00:52

Health: -1/21      AC:  2    Str: 10    XL:     2   Next: 58%
Magic:  4/5        EV: 12    Int: 20    God:
Gold:   35         SH:  0    Dex: 13    Spells: 4/5 levels left

rFire   . . .      SeeInvis .    c - +1 hand axe (freeze)
rCold   . . .      Faith    .    (no shield)
rNeg    . . .      Spirit   .    a - +0 robe
rPois   .          Reflect  .    (helmet currently unavailable)
rElec   .          Harm     .    (no cloak)
rCorr   .          Rampage  .    (no gloves)
Will    .....                    (boots currently unavailable)
Stlth   +                        (no amulet)
HPRegen 0.23/turn                I - +6 ring of intelligence
MPRegen 0.09/turn                (no ring)

@: appendages (expiring)
A: horns 2, talons 2, foul stench 1
a: End Transformation


You were on level 2 of the Dungeon.
You had temporarily grown beastly horns and talons.
You visited 1 branch of the dungeon, and saw 2 of its levels.

You collected 35 gold pieces.


Innate Abilities, Weirdness & Mutations

You have temporarily grown beastly horns and talons.
You may rarely emit foul miasma when damaged in melee.


   Skills:
 - Level 1.0 Fighting
 - Level 1.7 Dodging
 + Level 2.9 Unarmed Combat
 + Level 2.2 Spellcasting
 * Level 2.4 Transmutations


You had 4 spell levels left.
You knew the following spells:

 Your Spells              Type           Power      Damage    Failure   Level
a - Beastly Appendage     Tmut           22%        N/A       6%          1

Your spell library contained the following spells:

 Spells                   Type           Power      Damage    Failure   Level
 Wereblood                Tmut           11%        N/A       9%          2
 Spider Form              Tmut/Pois      7%         N/A       28%         3
 Tukima's Dance           Hex            2%         N/A       43%         3
 Ice Form                 Ice/Tmut       7%         N/A       67%         4
 Passage of Golubria      Tloc           2%         N/A       83%         4
 Yara's Violent Unravell  Hex/Tmut       3%         3d4       95%         5

Inventory:

Hand Weapons
 c - a +1 hand axe of freezing (weapon)
   (You found it on level 1 of the Dungeon)
Missiles
 e - 2 boomerangs
 h - 6 stones
Armour
 a - a +0 robe (worn)
Jewellery
 I - a +6 ring of intelligence (left hand)
   (You found it on level 1 of the Dungeon)
Potions
 b - a potion of lignification {!q}
 g - a potion of degeneration {!q}
 l - a potion of mutation {!q}

Dungeon Overview and Level Annotations

Branches:
Dungeon (2/15) Zot: 10984

Altars:

Annotations:
D:1 2 transporters

#...........
######...####....
#?.......# .
#........#
#........#
#........#
#........#
#.?......#
#..@.....#
#..w.....#
...........#
###.........#
...........#
####.#####..# ..
.... ### ###


You could see a worm.


Message History

You assume a fearsome visage.
Nothing appears to happen.
It was a scroll of fear.
Unknown command.
As you read the scroll labelled ZYATUA PINOIHUXTU, it crumbles to dust.
Wisps of shadow whirl around you...
It was a scroll of summoning.
Unknown command.
As you read the scroll of identify {@r1}, it crumbles to dust.
l - a potion of mutation You swap places.
You swap places.
A giant cockroach comes into view.
Your bat barely misses the giant cockroach.
Your ball python bites the giant cockroach.
Your ball python barely misses the giant cockroach.
Your bat hits the giant cockroach but does no damage.
Unknown command.
A giant cockroach is nearby!
You barely miss the giant cockroach.
Your bat hits the giant cockroach but does no damage. x3
The giant cockroach misses you.
Your ball python barely misses the giant cockroach.
Your ball python grabs the giant cockroach.
Your ball python constricts the giant cockroach.
You hit the giant cockroach. You freeze the giant cockroach.
Your bat completely misses the giant cockroach.
Your bat hits the giant cockroach but does no damage.
Your bat barely misses the giant cockroach.
Your ball python bites the giant cockroach.
Your ball python constricts the giant cockroach.
The giant cockroach barely misses your ball python.
Your bat hits the giant cockroach but does no damage.
The giant cockroach barely misses your bat.
Your ball python bites the giant cockroach but does no damage.
Your ball python constricts the giant cockroach.
The giant cockroach dies!
You see here a giant cockroach corpse.
Key pressed, stopping explore.
No target in view!
No target in view!
You swap places.
You swap places.
You swap places.
You open the door.
There is an open door here.
A hobgoblin comes into view.
The hobgoblin hits you. 😕 HP[-5]
You take 5 damage, and now have 16/21 hp.
MASSIVE DAMAGE!! (PAUSE)
You completely miss the hobgoblin. Your punch misses the hobgoblin.
Your ball python dissolves into shadows!
The hobgoblin barely misses you.
You slash the hobgoblin! You freeze the hobgoblin.
You kill the hobgoblin! 😕 HP[+1]
A hobgoblin comes into view.
The hobgoblin shouts! 😎 HP[+4]
Your hp is fully restored (21).
Unknown command.
A hobgoblin is nearby!
You closely miss the hobgoblin. The hobgoblin closely misses you.
The hobgoblin hits you. 😕 HP[-4]
You take 4 damage, and now have 17/21 hp.
You hit the hobgoblin. You freeze the hobgoblin.
You kill the hobgoblin!
No target in view!
Found a stone staircase leading up. 😎 HP[+4]
Your hp is fully restored (21).
No target in view!
No target in view!
A worm comes into view.
Unknown command.
A worm is nearby!
A worm is nearby!
Casting: Beastly Appendage (safe; 6% risk of failure)
Confirm with . or Enter, or press ? or * to list all spells.
You don't know that spell.
Casting: Beastly Appendage (safe; 6% risk of failure)
Confirm with . or Enter, or press ? or * to list all spells.
You grow a pair of large bovine horns.
Your feet morph into talons. 😎 MP[-1]
You lost 1 mp, and now have 4/5 mp.
Your transformation is almost over.
The worm bites you.
You completely miss the worm. You headbutt the worm.
The worm bites you. 😮 HP[-10]
You take 10 damage, and now have 11/21 hp.
MASSIVE DAMAGE!! (PAUSE)
You hit the worm. You freeze the worm. You claw the worm. The worm bites you.
* * * LOW HITPOINT WARNING * * *
😨 HP[-4]
You take 4 damage, and now have 7/21 hp.
You hit the worm.
You freeze the worm. 😨 HP[+1] Unknown command.
You barely miss the worm. The worm bites you!
You die...

Skill      XL: |  1 |
---------------+----+-----
Transmutations | 2 |  2.4
Fighting       | |  1.0
Dodging        | |  1.7
Unarmed Combat | |  2.9
Spellcasting   | |  2.2

Action                   || total
-------------------------++-------
Melee: Hand axe          ||    41
       Unarmed           ||     8
       Headbutt          ||     5
       Kick              ||     4
 Cast: Beastly Appendage ||     8
  Use: Scroll            ||     6
Armor: Robe              ||    12
Dodge: Dodged            ||    29

Levels and vault maps discovered:
D:1:      spicycebolla_arrival_transporter_tutorial, layout_basic, serial_glass,
          glass_columns_b, glass_columns_a
D:2:      layout_basic, uniq_sigmund

Notes
Turn   | Place    | Note
-------+----------+-------------------------------------------
     0 | D:1      | kae the Demonspawn Transmuter began the quest for the Orb.
     0 | D:1      | Reached XP level 1. HP: 15/15 MP: 3/3
     0 | D:1      | magus.rc [v1.11.3]
   117 | D:1      | Reached skill level 2 in Transmutations
   230 | D:1      | You add the spells Tukima's Dance, Passage of Golubria and
                  | Yara's Violent Unravelling to your library.
   280 | D:1      | Gained mutation: You may rarely emit foul miasma when
                  | damaged in melee. [demonic ancestry]
   280 | D:1      | Reached XP level 2. HP: 12/21 MP: 5/5
  1002 | D:2      | Slain by a worm

Vanquished Creatures
  A dart slug (D:1)
  3 endoplasms (D:1)
  3 giant cockroaches (D:1)
  2 hobgoblins (D:2)
  2 quokkas (D:1)
  A frilled lizard (D:1)
  A goblin (D:1)
  A rat (D:1)
14 creatures vanquished.

Vanquished Creatures (collateral kills)
  A giant cockroach (D:2)
1 creature vanquished.

Grand Total: 15 creatures vanquished

Table legend:
 A = Non-vault XP
 B = Vault XP
 C = Vault XP percentage of total XP
 D = Non-vault monster count
 E = Vault monster count
 F = Vault count percentage of total count
                 A         B        C        D         E       F
            +---------+---------+-------+---------+---------+-------
      Total |      29 |       0 |   0.0 |      15 |       0 |   0.0
            +---------+---------+-------+---------+---------+-------
        D:1 |      23 |       0 |   0.0 |      12 |       0 |   0.0
        D:2 |       6 |       0 |   0.0 |       3 |       0 |   0.0
            +---------+---------+-------+---------+---------+-------

Illustrated notes

Table legend:
 A = Kills in this place as a percentage of kills in entire the game.
 B = Kills by you in this place as a percentage of kills by you in the entire game.
 C = Kills by friends in this place as a percentage of kills by friends in the entire game.
 D = Other kills in this place as a percentage of other kills in the entire game.
 E = Experience gained in this place as a percentage of experience gained in the entire game.
 F = Experience gained in this place divided by the number of levels of this place that you have seen.
                   A       B       C       D       E      F
               +-------+-------+-------+-------+-------+----------------------
         Total | 100.0 | 100.0 | 100.0 |   N/A | 100.0 |  14.5
       Dungeon | 100.0 | 100.0 | 100.0 |   N/A | 100.0 |  14.5
               +-------+-------+-------+-------+-------+----------------------

Table legend: (Time is in decaauts)
 A = Elapsed time spent in this place.
 B = Non-inter-level travel time spent in this place.
 C = Inter-level travel time spent in this place.
 D = Time resting spent in this place.
 E = Time spent auto-exploring this place.
 F = Levels seen in this place.
 G = Mean time per level.
                   A        B        C        D        E       F      G
               +--------+--------+--------+--------+--------+-----+--------+
         Total |   1014 |    990 |     24 |      0 |    829 |   2 |  507.0 |
       Dungeon |   1014 |    990 |     24 |      0 |    829 |   2 |  507.0 |
               +--------+--------+--------+--------+--------+-----+--------+

Top non-repeatable levels by time:
     D:1: 902 daAuts
     D:2: 112 daAuts
